Map: Prion Terraces

Players

Avokado

  • Race: Terran Terran
  • League: Master

Elazer - Winner!

  • Race: Zerg Zerg
  • League: Grandmaster

Event: DreamHack ROCCAT LotV Championship

VOD

Have the link to the VOD?

Description

Time

  • Played on: Nov. 26, 2015, 5:30 a.m.
  • Length: 9:36

All games in this series

Show
View Real Time Build Order
Export as new Build Order

Avokado Terran 

Build Orders: MMM Bio 

Get SALT Encoding   

  12  0:00  SCV  
  13  0:13  SCV  
  14  0:17  Supply Depot  
  14  0:25  SCV  
  15  0:39  SCV  
  15  0:41  Barracks  
  16  0:45  Refinery  
  16  0:51  SCV  
  17  1:03  SCV  
  18  1:15  SCV  
  19  1:27  Orbital Command  
  19  1:33  Barracks Reactor  
  19  1:39  Command Center  
  19  1:50  Supply Depot  
  19  1:53  SCV  
  20  2:05  SCV  
  21  2:09  Reaper x2  
  23  2:17  SCV  
  24  2:28  Command Center  
  24  2:29  SCV  
  25  2:41  SCV, Reaper x2  
  28  2:47  Barracks  
  28  2:53  SCV  
  28  2:54  Orbital Command  
  29  3:00  Barracks  
  29  3:07  SCV  
  30  3:16  Reaper  
  30  3:19  SCV  
  32  3:21  Reaper  
  32  3:23  SCV  
  34  3:31  SCV  
  34  3:33  Barracks  
  35  3:34  Barracks  
  35  3:38  Barracks Tech Lab  
  35  3:39  SCV  
  36  3:45  Orbital Command  
  36  3:48  Marine  
  37  3:53  Marine  
  37  3:54  Marine  
  39  3:56  SCV x2  
  41  4:06  Stimpack, Refinery, Marine x2  
  41  4:08  SCV x2  
  41  4:09  Supply Depot  
  45  4:11  Marine x2  
  45  4:14  SCV  
  48  4:20  SCV, Marine  
  48  4:22  Marine  
  48  4:23  Marine  
  52  4:24  Marine  
  52  4:29  Marine x2  
  51  4:38  Marine  
  49  4:39  Marine  
  49  4:40  SCV  
  49  4:41  SCV, Marine  
  49  4:42  Marine  
  49  4:44  SCV  
  55  4:49  Marine  
  55  4:51  Marine  
  55  4:52  Supply Depot, SCV  
  58  4:55  Marine  
  58  4:57  Marine  
  60  5:00  Factory  
  60  5:03  SCV  
  60  5:04  Marine  
  62  5:08  Marauder  
  62  5:13  Marine  
  65  5:15  SCV  
  65  5:17  SCV  
  67  5:27  Engineering Bay x2  
  66  5:29  Refinery, Marauder  
  66  5:30  Refinery  
  66  5:33  SCV  
  66  5:34  Marine  
  66  5:35  Supply Depot  
  68  5:42  Marine  
  68  5:44  Marine  
  68  5:46  Marine x2  
  68  5:47  Starport, Factory Reactor  
  68  5:49  SCV x2  
  71  5:53  SCV  
  71  5:54  Terran Infantry Weapons Level 1  
  72  5:57  Terran Infantry Armor Level 1  
  72  6:01  SCV x2  
  72  6:03  Marine  
  75  6:05  SCV, Marine  
  75  6:06  Marine  
  75  6:07  Orbital Command  
  75  6:08  Marine x2  
  80  6:13  SCV  
  80  6:16  SCV, Supply Depot  
  82  6:21  Supply Depot  
  82  6:22  Supply Depot  
  83  6:25  SCV  
  83  6:28  Marauder  
  83  6:29  Barracks Reactor  
  85  6:33  Factory Tech Lab  
  85  6:37  SCV x3, Marine  
  89  6:40  Armory  
  89  6:41  Barracks Tech Lab  
  89  6:42  Barracks Tech Lab  
  89  6:46  Combat Shields  
  89  6:49  SCV, Medivac  
  89  6:52  Marine x2, Medivac  
  96  6:55  SCV  
  96  7:00  Bunker  
  96  7:02  SCV x2, Supply Depot  
  96  7:07  SCV, Marauder  
  96  7:08  Supply Depot, Marine  
  102  7:10  Concussive Shells  
  102  7:12  Marauder  
  97  7:19  Medivac  
  97  7:20  Marauder  
  97  7:21  Medivac  
  89  7:24  Marine x2  
  89  7:29  Marauder  
  92  7:33  Marauder  
  92  7:34  Siege Tank  
  92  7:36  Marine x2  
  90  7:39  SCV  
  90  7:41  Marine  
  90  7:42  Marine x2  
  93  7:48  Supply Depot  
  93  7:50  Marauder  
  93  7:55  Marauder  
  93  7:58  Marine x2  
  71  8:06  Marauder, Marine x2  
  71  8:11  SCV, Marine  
  47  8:15  Marine  
  47  8:16  Marine x2  
  47  8:19  Medivac  
  48  8:22  SCV  
  48  8:23  SCV  
  48  8:26  Orbital Command, Marine  
  47  8:28  Marauder  
  46  8:34  SCV  
  46  8:35  SCV  
  46  8:39  Marine  
  47  8:46  SCV  
  47  8:47  Marine  
  49  8:52  Marine x2  
  51  8:56  SCV  
  52  9:08  SCV  
Show
View Real Time Build Order
Export as new Build Order

Elazer Zerg - Winner!

Build Orders: Hatch First 

Get SALT Encoding   

  12  0:00  Drone  
  13  0:12  Overlord  
  13  0:18  Drone  
  14  0:30  Drone x2  
  14  0:34  Drone  
  17  0:53  Hatchery  
  17  0:54  Drone  
  17  0:58  Drone  
  18  1:08  Extractor  
  17  1:12  Spawning Pool  
  17  1:15  Drone  
  17  1:18  Drone  
  18  1:27  Drone  
  19  1:40  Overlord  
  19  1:59  Queen  
  19  2:00  Zergling x4  
  23  2:04  Queen  
  25  2:09  Metabolic Boost  
  25  2:19  Drone x2  
  25  2:20  Drone  
  25  2:21  Drone  
  29  2:26  Drone  
  30  2:35  Drone  
  31  2:38  Drone  
  31  2:40  Queen  
  34  2:44  Overlord  
  34  2:52  Drone  
  34  2:55  Drone  
  36  3:03  Drone  
  36  3:04  Hatchery  
  36  3:06  Drone  
  37  3:13  Drone x3  
  37  3:15  Drone  
  37  3:17  Queen  
  43  3:21  Overlord  
  43  3:25  Zergling x2  
  44  3:32  Extractor  
  43  3:34  Roach Warren, Zergling x2  
  43  3:35  Zergling x2  
  43  3:41  Zergling x4  
  46  3:44  Overlord  
  46  3:46  Drone  
  47  3:48  Drone x2  
  47  3:50  Drone  
  47  3:54  Hatchery  
  50  3:56  Drone x2  
  50  4:02  Queen  
  54  4:05  Drone  
  54  4:07  Drone  
  54  4:09  Drone  
  57  4:11  Drone  
  57  4:16  Overlord  
  58  4:20  Extractor  
  58  4:24  Zergling x4  
  56  4:32  Roach  
  56  4:37  Roach x5  
  64  4:42  Drone  
  64  4:44  Lair  
  65  4:46  Roach  
  67  4:55  Ravager  
  67  4:56  Overlord  
  68  5:10  Ravager x4  
  68  5:11  Drone x2  
  68  5:12  Overlord x2  
  74  5:16  Roach x3  
  74  5:17  Zergling x2  
  74  5:18  Zergling x2  
  74  5:20  Overlord  
  78  5:40  Overlord, Drone x2  
  78  5:41  Drone x2  
  78  5:42  Drone x3, Glial Reconstitution  
  83  5:54  Drone  
  83  5:55  Drone  
  83  5:56  Drone  
  86  5:58  Roach x3  
  92  6:06  Overlord  
  92  6:07  Overlord  
  92  6:08  Roach x6  
  102  6:14  Roach  
  104  6:22  Roach  
  104  6:24  Overlord x2  
  106  6:28  Roach  
  106  6:29  Roach x2  
  112  6:33  Roach x3  
  112  6:37  Drone  
  119  6:42  Roach  
  119  6:43  Overlord  
  119  6:44  Overlord  
  121  6:50  Drone, Roach x3  
  128  6:54  Hatchery, Ravager  
  128  6:55  Ravager  
  128  6:58  Roach x2  
  133  7:15  Roach x6  
  141  7:22  Roach x2  
  143  7:23  Drone x4  
  143  7:28  Overlord  
  147  7:32  Drone x4  
  151  7:38  Drone x3  
  151  7:40  Overlord x2, Extractor  
  151  7:41  Evolution Chamber x2  
  152  7:44  Ravager  
  152  7:46  Ravager  
  130  8:02  Roach  
  130  8:03  Roach  
  109  8:07  Roach x6  
  109  8:11  Roach x2  
  111  8:17  Roach  
  111  8:18  Roach  
  106  8:32  Roach  
  106  8:33  Roach x4  
  108  8:35  Extractor  
  108  8:37  Extractor  
  108  8:38  Drone  
  108  8:41  Zergling x16  
  106  8:46  Overlord  
  106  8:47  Hatchery, Drone x5  
  112  8:56  Roach x4  
  118  9:03  Overlord  
  118  9:06  Drone  
  118  9:08  Roach x7  
  145  9:32  Hatchery  

Tags
 
Add a new tag
Caveats
  • Supply blocks, unpowered buildings, or Contaminate may cause inaccurate times.
  • Supply counts are checked every 10 seconds.